 Dungeon Crawl Stone Soup version 0.29.1-12-g30fa7ad0bf (webtiles) character file.

Game seed: 11373171537592470117

6 CaptainMV the Vexing (level 1, 0/7 HPs)
             Began as a Felid Enchanter on Dec 14, 2022.
             Slain by a gnoll
             ... wielding a +0 spear
              (7 damage)
             ... on level 1 of the Dungeon.
             The game lasted 00:01:44 (229 turns).

CaptainMV the Vexing (Felid Enchanter)               Turns: 229, Time: 00:01:46

Health: 0/7        AC:  1    Str:  4    XL:     1   Next: 75%
Magic:  4/4        EV: 17    Int: 16    God:
Gold:   0          SH:  0    Dex: 16    Spells: 4/4 levels left
                                        Lives:  0   Deaths: 0

rFire   . . .      SeeInvis +     - Unarmed
rCold   . . .      Faith    .   (shield unavailable)
rNeg    . . .      Spirit   .   (body armour unavailable)
rPois   .          Reflect  .   (helmet unavailable)
rElec   .          Harm     .   (cloak unavailable)
rCorr   .          Rampage  .   (gloves unavailable)
Will    .....                   (boots unavailable)
Stlth   +++.......              (no amulet)
HPRegen 0.02/turn               (no ring)
MPRegen 0.09/turn               (no ring)

@: quick
A: very small, claws 1, fangs 3, see invisible, speed 1, shaggy fur 1, stealthy
paws, no weapons or thrown items, no armour, multi-lived
a: no special abilities


You were on level 1 of the Dungeon.
You visited 1 branch of the dungeon, and saw 1 of its levels.

Inventory:

Scrolls
 b - a scroll of fear {unknown}
Potions
 a - 2 potions of invisibility
 c - a potion of curing {unknown}


   Skills:
 + Level 2.7 Dodging
 + Level 4.2 Stealth
 + Level 1.0 Unarmed Combat
 + Level 2.0 Spellcasting
 + Level 4.8 Hexes


You had 4 spell levels left.
You didn't know any spells.
Your spell library contained the following spells:

 Spells                   Type           Power      Damage    Failure   Level
 Confusing Touch          Hex            17%        N/A       9%          3
 Tukima's Dance           Hex            17%        N/A       9%          3
 Ensorcelled Hibernation  Hex/Ice        18%        N/A       12%         2
 Dazzling Flash           Conj/Hex       18%        N/A       22%         3


Dungeon Overview and Level Annotations

Branches:
Dungeon (1/15)

Altars:

Shops:
D:1 !


Innate Abilities, Weirdness & Mutations

You have sharp claws.
You have razor-sharp teeth.
You have supernaturally acute eyesight. (SInv)
You cover ground quickly. (Speed+)
You are covered in fur. (AC +1)
Your paws help you pounce on unaware monsters.
You are incapable of wielding weapons or throwing items.
You cannot wear armour.
You gain extra lives every three experience levels.


Message History

You scratch the dart slug. You bite the dart slug.
You kill the dart slug!
You see here a dart slug corpse.
Found a scroll labelled HELAJIUXOV.
Found Couthek's Distillery.
b - a scroll labelled HELAJIUXOV
There is an entrance to Couthek's Distillery here.
Found a faded altar of an unknown god.
Found a silvery potion.
Found 4 boomerangs.
An endoplasm comes into view.
The endoplasm quivers.
You see here a silvery potion.
c - a silvery potion You scratch the endoplasm but do no damage.
The endoplasm misses you.
You scratch the endoplasm. You bite the endoplasm.
You kill the endoplasm!
You see here 4 boomerangs.
A frilled lizard comes into view.
The helpless frilled lizard fails to defend itself.
You claw the frilled lizard!
You kill the frilled lizard!
Found 5 stones.
An endoplasm and a gnoll come into view.
Found 16 gold pieces.
You pounce on the unaware helpless endoplasm!
You claw the endoplasm!
You kill the endoplasm!
You pounce on the unaware helpless gnoll!
You scratch the gnoll.
The gnoll is heavily wounded.
The gnoll barely misses you.
You scratch the gnoll.
The gnoll is severely wounded.
The gnoll barely misses you.
You scratch the gnoll but do no damage.
The gnoll is severely wounded.
The gnoll hits you with a +0 spear!
Ouch! That really hurt!
You die...

#...# #...# #...#
#...###
###########.....#
#...............+
##.########.....#
#.# #...(.#.. #.#
#...@.#.# #.#
#...g.#.# #.#
#######.# #.# .#
#.# ######.+ #.#
###8.8.8# #.#
#...⌠.⌠.# ######
#.# #.#8.∩.8#
###.((.. #.#
#...⌠.⌠.#
#####..(.(((


You could see a gnoll.

Vanquished Creatures
  A dart slug (D:1)
  2 endoplasms (D:1)
  A frilled lizard (D:1)
4 creatures vanquished.

Notes
Turn   | Place    | Note
-------+----------+-------------------------------------------
     0 | D:1      | CaptainMV the Felid Enchanter began the quest for the Orb.
     0 | D:1      | Reached XP level 1. HP: 7/7 MP: 4/4
    21 | D:1      | Found Couthek's Distillery.
    53 | D:1      | Found a faded altar of an unknown god.
   229 | D:1      | Slain by a gnoll

Illustrated notes

Levels and vault maps discovered:
D:1:      minmay_arrival_shattered_statue, layout_basic, serial_shops,
          nicolae_shop_temple_entry_statues_fountains,
          nicolae_shop_advertising_works [nicolae_subvault_shop_adworks],
          shapermc_ecumenical_altar_totnotflames

Action                   || total
-------------------------++-------
Melee: Unarmed           ||    10
       Bite              ||     2
 Stab: Sleeping          ||     3
Dodge: Dodged            ||     5
